 Dungeon Crawl Stone Soup version 0.25-a0-246-g58704a1ebd (webtiles) character file.

Game seed: 2676678939387964530, levelgen mode: classic

49992 Borgoz the Fighter (level 14, 0/92 HPs)
             Began as a Gargoyle Gladiator on Dec 3, 2019.
             Was the Champion of Okawaru.
             Killed from afar by an ice dragon (18 damage)
             ... with a blast of cold
             ... on level 15 of the Dungeon.
             The game lasted 00:36:31 (16645 turns).

Borgoz the Fighter (Gargoyle Gladiator)            Turns: 16645, Time: 00:36:32

Health: 0/92       AC: 36    Str: 25    XL:     14   Next: 53%
Magic:  21/21      EV: 13    Int: 12    God:    Okawaru [******]
Gold:   902        SH:  0    Dex: 17    Spells: 13/13 levels left

rFire    + + .     SeeInvis .   a - +2 quarterstaff "Fuleth" {venom, rF+ rC+ Dex+5}
rCold    + + .     Gourm    +   (shield currently unavailable)
rNeg     + . .     Faith    .   w - +1 plate armour "Gaegeff" {rElec MR+}
rPois    ∞         Spirit   .   I - +1 helmet {Int+3}
rElec    +         Reflect  .   M - scarf {rC+ rF+}
rCorr    .         Harm     .   A - +2 pair of gloves {Str+3}
MR       ++...                  l - +2 pair of boots
Stlth    ..........             m - amulet of the gourmand
HPRegen  0.25/turn              g - +5 ring of slaying
MPRegen  0.17/turn              (no ring)

@: flying
A: big wings, negative energy resistance 1, electricity resistance, unbreathing,
petrification resistance, rot immunity, AC +10
a: Stop Flying, Heroism, Finesse, Renounce Religion


You were on level 15 of the Dungeon.
You worshipped Okawaru.
Okawaru was exalted by your worship.
You were very full.

You visited 2 branches of the dungeon, and saw 16 of its levels.
You also visited: Sewer and Ice Cave.

You collected 902 gold pieces.

Inventory:

Hand Weapons
 a - the +2 quarterstaff "Fuleth" (weapon) {venom, rF+ rC+ Dex+5}
   (Okawaru gifted it to you on level 11 of the Dungeon)

   It poisons the flesh of those it strikes.
   It affects your dexterity (+5).
   It protects you from fire.
   It protects you from cold.
 b - the +4 flail of Trial by Ordeal {protect, -Tele rF++ rN+ MR+}
   (You found it on level 9 of the Dungeon)

   It grants its wielder temporary protection when it strikes (+7 to AC).
   It greatly protects you from fire.
   It protects you from negative energy.
   It affects your resistance to hostile enchantments.
   It prevents most forms of teleportation.
Armour
 l - a +2 pair of boots (worn)
 w - the +1 plate armour "Gaegeff" (worn) {rElec MR+}
   (You found it on level 6 of the Dungeon)

   It insulates you from electricity.
   It affects your resistance to hostile enchantments.
 A - a +2 pair of gloves of strength (worn)
 B - the +0 shield "Tikkas" {rCorr Str-5 Int+5 Dex+2}
   (Okawaru gifted it to you on level 12 of the Dungeon)

   It affects your strength (-5).
   It affects your intelligence (+5).
   It affects your dexterity (+2).
   It provides partial protection from all sources of acid and corrosion.
 G - +0 steam dragon scales
 I - a +1 helmet of intelligence (worn)
 M - a scarf of resistance (worn)
 Q - a scarf of repulsion
Jewellery
 g - a +5 ring of slaying (left hand)
 m - an amulet of the gourmand (around neck)
 D - an uncursed amulet of magic regeneration
 J - an uncursed ring of flight
 L - an uncursed ring of magical power
Wands
 r - a wand of disintegration (28)
 s - a wand of random effects (10)
 t - a wand of flame (72)
 x - a wand of digging (5)
 y - a wand of iceblast (22)
 E - a wand of paralysis (21)
 H - a wand of enslavement (25)
Scrolls
 c - 5 scrolls of blinking
 i - 9 scrolls of teleportation
 j - 5 scrolls of enchant weapon
 k - 4 scrolls of amnesia
 p - a scroll of brand weapon
 q - 4 scrolls of fog
 F - 2 scrolls of fear
 K - 3 scrolls of enchant armour
 N - 2 scrolls of remove curse
Potions
 e - 2 potions of cancellation
 h - 2 potions of heal wounds
 n - a potion of lignification {unknown}
 o - 3 potions of brilliance
 u - 5 potions of magic
 v - 4 potions of flight
 z - 4 potions of curing
 C - 3 potions of mutation
 O - a potion of ambrosia
 S - 2 potions of haste
Comestibles
 f - 23 rations


   Skills:
 + Level 12.1 Fighting
 + Level 8.0(9.6) Maces & Flails
 - Level 8.3(9.8) Staves
 - Level 1.7 Throwing
 + Level 11.9 Armour
 + Level 9.7 Dodging
 + Level 9.5 Invocations
 + Level 8.0 Evocations


You had 13 spell levels left.
You didn't know any spells.
Your spell library contained the following spells:

 Spells                   Type           Power        Failure   Level  Hunger
 Beastly Appendage        Tmut           #.....       96%         1    ##.....
 Corona                   Hex            #......      96%         1    ##.....
 Freeze                   Ice            #...         96%         1    ##.....
 Slow                     Hex            #.......     99%         2    ###....
 Sticks to Snakes         Tmut           #.......     99%         2    ###....
 Inner Flame              Hex/Fire       #.......     100%        3    ####...
 Ozocubu's Armour         Chrm/Ice       #.......     100%        3    ####...
 Portal Projectile        Hex/Tloc       #.....       100%        3    ####...
 Spider Form              Tmut/Pois      #.........   100%        3    ####...
 Cause Fear               Hex            #.........   100%        4    #####..
 Hailstorm                Conj/Ice       #.......     100%        4    #####..
 Ice Form                 Ice/Tmut       #.......     100%        4    #####..
 Leda's Liquefaction      Hex/Erth       #.........   100%        4    #####..
 Summon Ice Beast         Ice/Summ       #.......     100%        4    #####..
 Blade Hands              Tmut           #.........   100%        5    ######.
 Bolt of Magma            Conj/Fire/Erth #.........   100%        5    ######.
 Iskenderun's Battlesphe  Conj/Chrm      #.......     100%        5    ######.
 Metabolic Englaciation   Hex/Ice        #.........   100%        5    ######.
 Freezing Cloud           Conj/Ice/Air   #.........   100%        6    #######
 Iron Shot                Conj/Erth      #.........   100%        6    #######
 Ozocubu's Refrigeration  Ice            #.........   100%        6    #######
 Simulacrum               Ice/Necr       #.........   100%        6    #######
 Orb of Destruction       Conj           #.........   100%        7    #######
 Spellforged Servitor     Conj/Summ      #.........   100%        7    #######


Dungeon Overview and Level Annotations

Branches:
Dungeon (15/15)            Temple (1/1) D:7            Lair (0/6) D:8
    Orc (0/2) D:11         Vaults (0/5) D:14          Sewer (visited)
  IceCv (visited)
 Depths: D:15

Altars:
Ashenzari
Cheibriados
Dithmenos
Elyvilon
Fedhas
Gozag
Hepliaklqana
Kikubaaqudgha
Makhleb
Nemelex Xobeh
Okawaru
Qazlal
Ru
Sif Muna
Trog
Uskayaw
Vehumet
Wu Jian
Xom
Yredelemnul
Zin
The Shining One

Annotations:
D:13 1 runed translucent door


Innate Abilities, Weirdness & Mutations

You are resistant to torment.
Your stone body is resilient. (AC +10)
You are immune to poison.
Your large and strong wings let you fly indefinitely.
You resist negative energy. (rN+)
You are resistant to electric shocks. (rElec)
You can survive without breathing.
You are immune to petrification.
You are immune to rotting.


Message History

Press: ? - help, Shift-Dir - straight line, f - ice dragon
Aim: an ice dragon (moderately wounded, very poisoned, immune to nets)
You throw a throwing net. The throwing net hits the ice dragon.
The ice dragon is too large for the net to hold!
The ice dragon is moderately wounded.
The ice dragon misses you. The ice dragon closely misses you.
The ice dragon tramples you but does no damage.
Throwing (i - inventory)
d - a throwing net (quivered)
Press: ? - help, Shift-Dir - straight line, f/p - ice dragon
Aim: an ice dragon (moderately wounded, very poisoned, immune to nets)
You throw a throwing net. The throwing net hits the ice dragon.
The ice dragon is too large for the net to hold!
The ice dragon is moderately wounded.
The ice dragon bites you but does no damage.
The ice dragon barely misses you. x2
You hit the ice dragon but do no damage.
The ice dragon is moderately wounded.
The ice dragon breathes frost at you. The blast of cold hits you!! You resist.
You die...

....## #.###.## #.. ###..#
#.##...## #.#
##.######.......#### #..
#.......#..8.......##########..
#.......##.....##..............
#.......###..#.###.###..###...#
##.........##.#.###..........###
#........##.##D.....(#..........
#.######)......@................
##.###.).....(..........[....<...
#......#.......###.#.#######.##..
#...####.......##(.#...## #.###.
##### ##...........###..# #.# ##
##..............##.####(#
..#.........#.##...#.##...#
.............#.###.........#
##...........#....##.###...####


You could see an ice dragon.

Vanquished Creatures
  Rupert (D:12)
  Josephine (D:11)
  A fire dragon (D:15)
  4 hydras
  Erolcha (D:12)
  4 vault guards (D:14)
  A centaur warrior (D:13)
  A death yak (D:13)
  8 two-headed ogres
  A death knight (D:12)
  Nergalle (D:12)
  An unseen horror (D:11)
  A wizard (D:14)
  An orc knight (D:14)
  A wolf spider zombie (D:13)
  2 phantasmal warriors (D:12)
  A deep elf mage (D:15)
  A necromancer (IceCv)
  2 manticores
  7 ugly things
  5 cyclopes
  4 slime creatures (D:13)
  An ice statue (IceCv)
  2 gargoyles
  A kobold demonologist (D:11)
  11 freezing wraiths
  A tengu conjurer (D:14)
  A yaktaur (D:14)
  6 trolls
  5 hippogriffs
  Grinder (D:6)
  A tarantella (D:12)
  2 shadows
  A spriggan (D:12)
  Sigmund (D:3)
  3 redbacks (D:12)
  8 wraiths
  7 yaks
  A wyvern (D:12)
  2 vampires
  A basilisk (shapeshifter) (D:13)
  2 steam dragons
  A death yak simulacrum (IceCv)
  2 hungry ghosts
  2 vampire mosquitoes (D:15)
  Duvessa (D:4)
  A water moccasin (D:11)
  3 sky beasts
  A black bear (shapeshifter) (D:13)
  2 black bears
  A necrophage (D:8)
  5 orc warriors
  12 ice beasts
  4 phantoms
  11 ogres
  5 centaurs
  5 wolves
  4 big kobolds
  10 bullfrogs
  A wyvern zombie (D:8)
  Dowan (D:4)
  5 scorpions
  2 elephant simulacra (IceCv)
  13 killer bees
  10 wights
  2 howler monkeys (D:8)
  4 electric eels (D:13)
  12 crimson imps
  2 quasits
  2 centaur zombies
  A bullfrog zombie (D:6)
  A draconian simulacrum (IceCv)
  5 orc priests
  4 hounds
  5 centaur skeletons
  5 jellies
  11 orc wizards
  2 bullfrog skeletons
  Terence (D:3)
  Natasha (thrice) (D:3)
  5 iguanas
  4 worker ants
  A spriggan simulacrum (IceCv)
  6 troll simulacra (IceCv)
  A wolf simulacrum (IceCv)
  2 bullfrog simulacra (D:13)
  9 centaur simulacra
  A hound zombie (D:6)
  A hound skeleton (D:11)
  Robin (D:3)
  4 gnolls (D:8)
  17 adders
  3 naga simulacra (IceCv)
  3 ogre simulacra (IceCv)
  2 river rats (Sewer)
  6 shadow imps
  18 white imps
  An adder skeleton (D:9)
  8 worms
  A dart slug (D:1)
  6 leopard geckos
  49 orcs
  5 bats
  7 giant cockroaches
  18 goblins
  7 hobgoblins
  10 jackals
  18 kobolds
  2 quokkas
  7 ball pythons
  3 frilled lizards
  A jackal zombie (D:9)
  A quokka skeleton (D:4)
  A quokka zombie (D:5)
  12 rats
511 creatures vanquished.

Vanquished Creatures (others)
  An ice beast (D:13)
  A white imp (D:13)
2 creatures vanquished.

Grand Total: 513 creatures vanquished

Notes
Turn   | Place    | Note
-------+----------+-------------------------------------------
     0 | D:1      | Borgoz the Gargoyle Gladiator began the quest for the Orb.
     0 | D:1      | Reached XP level 1. HP: 12/12 MP: 1/1
   209 | D:1      | Reached XP level 2. HP: 18/18 MP: 2/2
   457 | D:1      | Reached skill level 1 in Armour
   684 | D:1      | Reached XP level 3. HP: 22/22 MP: 3/3
  1467 | D:2      | Reached XP level 4. HP: 27/27 MP: 4/4
  1559 | D:3      | Noticed Robin
  1635 | D:2      | Reached skill level 3 in Fighting
  1645 | D:3      | Killed Robin
  1655 | D:3      | Reached XP level 5. HP: 32/32 MP: 5/5
  1752 | D:3      | Noticed Natasha
  1752 | D:3      | Noticed Terence
  1761 | D:3      | Killed Natasha
  1778 | D:3      | Killed Terence
  1814 | D:3      | Noticed Sigmund
  1829 | D:3      | Killed Sigmund
  1829 | D:3      | Reached skill level 4 in Fighting
  1829 | D:3      | Reached XP level 6. HP: 25/38 MP: 6/6
  2287 | D:3      | Noticed Natasha
  2296 | D:3      | Killed Natasha
  2312 | D:3      | Found a bloodstained altar of Trog.
  2545 | D:4      | Reached XP level 7. HP: 44/44 MP: 7/7
  2717 | D:3      | Noticed Natasha
  2725 | D:3      | Killed Natasha
  2985 | D:4      | Noticed Dowan
  2985 | D:4      | Noticed Duvessa
  2993 | D:4      | Killed Duvessa
  2993 | D:4      | Reached skill level 5 in Staves
  2999 | D:4      | Killed Dowan
  2999 | D:4      | Reached skill level 5 in Fighting
  3030 | D:4      | Reached XP level 8. HP: 29/49 MP: 8/8
  3244 | D:4      | Reached skill level 5 in Armour
  3682 | D:5      | Entered Level 5 of the Dungeon
  3728 | D:5      | Reached skill level 6 in Fighting
  3828 | D:5      | Found a glowing golden altar of the Shining One.
  3848 | D:5      | Reached skill level 5 in Dodging
  3982 | D:5      | Reached XP level 9. HP: 37/56 MP: 9/9
  4340 | D:6      | Noticed Grinder
  4364 | D:6      | Killed Grinder
  4369 | D:6      | Reached skill level 7 in Fighting
  4426 | D:6      | Found a glowing drain.
  4462 | D:6      | Got a topaz-encrusted plate armour
  4482 | D:6      | Identified the cursed +1 plate armour "Gaegeff" {rElec MR+}
                  | (You found it on level 6 of the Dungeon)
  4488 | Sewer    | Entered a sewer
  5285 | D:7      | Found a staircase to the Ecumenical Temple.
  5305 | Temple   | Entered the Ecumenical Temple
  5376 | Temple   | Became a worshipper of Warmaster Okawaru
  5773 | D:8      | Reached XP level 10. HP: 52/64 MP: 10/10
  5881 | D:8      | Reached skill level 8 in Fighting
  5917 | D:8      | Reached * piety under Okawaru
  5932 | D:8      | Noticed a two-headed ogre
  5950 | D:8      | Killed a two-headed ogre
  5950 | D:8      | Reached skill level 1 in Invocations
  5950 | D:8      | Reached skill level 1 in Evocations
  6601 | D:8      | Noticed a two-headed ogre
  6716 | D:8      | Killed a two-headed ogre
  6716 | D:8      | Reached ** piety under Okawaru
  6736 | D:8      | Found a staircase to the Lair.
  7022 | D:9      | Got a bone flail
  7023 | D:9      | Identified the +4 flail of Trial by Ordeal {protect, -Tele
                  | rF++ rN+ MR+} (You found it on level 9 of the Dungeon)
  7312 | D:9      | Noticed a two-headed ogre
  7318 | D:9      | Killed a two-headed ogre
  7318 | D:9      | Reached skill level 1 in Maces & Flails
  7318 | D:9      | Reached XP level 11. HP: 69/69 MP: 13/13
  7378 | D:9      | Reached *** piety under Okawaru
  7385 | D:9      | Reached skill level 9 in Fighting
  7560 | D:10     | Entered Level 10 of the Dungeon
  7583 | D:10     | Noticed a two-headed ogre
  7592 | D:10     | Killed a two-headed ogre
  7820 | D:10     | Reached **** piety under Okawaru
  8571 | D:11     | Noticed a manticore
  8580 | D:11     | Killed a manticore
  8580 | D:11     | Reached ***** piety under Okawaru
  8800 | D:11     | Found a staircase to the Orcish Mines.
  8959 | D:11     | Reached skill level 5 in Invocations
  9003 | D:11     | Noticed a cyan ugly thing
  9024 | D:11     | Killed a cyan ugly thing
  9125 | D:11     | Noticed a two-headed ogre
  9134 | D:11     | Killed a two-headed ogre
  9186 | D:11     | Received a gift from Okawaru
  9197 | D:11     | Got an ancient quarterstaff {god gift}
  9200 | D:11     | Identified the +2 quarterstaff "Fuleth" {venom, rF+ rC+
                  | Dex+5} (Okawaru gifted it to you on level 11 of the
                  | Dungeon)
  9357 | D:11     | Killed an unseen horror
  9357 | D:11     | Reached XP level 12. HP: 64/77 MP: 16/16
  9391 | D:11     | Noticed Josephine
  9410 | D:11     | Killed Josephine
  9424 | D:11     | Reached skill level 10 in Fighting
  9457 | D:11     | Noticed a two-headed ogre
  9464 | D:11     | Killed a two-headed ogre
  9464 | D:11     | Reached skill level 5 in Evocations
  9679 | D:12     | Found a frozen archway.
  9759 | D:12     | Noticed a death knight
  9761 | D:12     | Noticed Erolcha
  9772 | D:12     | Killed Erolcha
  9772 | D:12     | Received a gift from Okawaru
  9772 | D:12     | Reached skill level 10 in Armour
  9798 | D:12     | Killed a death knight
  9900 | IceCv    | Entered an ice cave
 10125 | IceCv    | Reached skill level 5 in Maces & Flails
 10919 | IceCv    | Found an ancient bone altar of Kikubaaqudgha.
 11306 | IceCv    | Reached ****** piety under Okawaru
 11580 | D:12     | Noticed Rupert
 11917 | D:12     | Killed Rupert
 11917 | D:12     | Received a gift from Okawaru
 11917 | D:12     | Reached XP level 13. HP: 40/84 MP: 18/18
 11936 | D:12     | Got a polished shield {god gift}
 11943 | D:12     | Identified the +0 shield "Tikkas" {rCorr Str-5 Int+5 Dex+2}
                  | (Okawaru gifted it to you on level 12 of the Dungeon)
 12194 | D:12     | Reached skill level 11 in Fighting
 12559 | D:12     | Noticed Nergalle
 12575 | D:12     | Killed Nergalle
 14123 | D:13     | Received a gift from Okawaru
 14340 | D:13     | Found a runed translucent door.
 14340 | D:13     | Noticed a yaktaur captain
 14340 | D:13     | Noticed a frost giant
 14342 | D:13     | Noticed a yaktaur captain
 14342 | D:13     | Noticed a fire giant
 14342 | D:13     | Noticed a storm dragon
 14342 | D:13     | Noticed a fire giant
 14617 | D:14     | Noticed a vault guard
 14748 | D:14     | Gained mutation: Your large and strong wings let you fly
                  | indefinitely. [Gargoyle growth]
 14748 | D:14     | Reached XP level 14. HP: 91/91 MP: 20/20
 15047 | D:14     | Found a sacrificial altar of Ru.
 15106 | D:14     | Found a shimmering altar of Xom.
 15336 | D:14     | Found a gate to the Vaults.
 15749 | D:15     | Entered Level 15 of the Dungeon
 15762 | D:15     | Reached skill level 12 in Fighting
 16449 | D:15     | Received a gift from Okawaru
 16645 | D:15     | Killed from afar by an ice dragon

Levels and vault maps discovered:
D:1:      wander_arrival_fairy_ring, layout_basic
D:2:      layout_basic, grunt_ministairs_14, minmay_strange_pillars,
          dk_noncrumbling_2, minmay_fountain_box, minmay_misc_feat_columns
D:3:      layout_basic, lightli_temple_of_fire, uniq_natasha, uniq_sigmund,
          uniq_robin, uniq_terence
D:4:      minmay_recursive_quarters, layout_basic, uniq_duvessa
D:5:      layout_rooms, basic_altar, first_ration
D:6:      layout_rooms, cheibrodos_sewer_entry_drain, grunt_ministairs_11,
          uniq_grinder
D:7:      layout_gridville, minmay_temple_entry_junction
D:8:      layout_loops_corners, lair_entry_dummy
D:9:      layout_roguey
D:10:     layout_grid_maze
D:11:     layout_gridville, orc_0_dummy, uniq_josephine
D:12:     layout_basic, serial_ice, serial_ice_o, serial_ice_e, serial_ice_d,
          serial_ice_h, portal_ice_cave_entry_pillars_1, the_bakery,
          uniq_erolcha, uniq_nergalle, uniq_rupert
D:13:     minmay_gate_of_8, layout_loops_ring, serial_ice, serial_ice_f,
          serial_ice_m, serial_ice_h, serial_ice_l, kennysheep_generic_room_7
D:14:     layout_basic, grunt_vaults_entry_fortified, hangedman_ru_absence,
          grunt_ministairs_13, tgw_xom
D:15:     grunt_enter_depths_hoard, layout_rooms, serial_bayou_pond_c
Temple:   roderic_octagonal_lattice_temple

Skill      XL: |  1  2  3  4  5  6  7  8  9 10 11 12 13 14 |
---------------+-------------------------------------------+-----
Armour         | 1 2 3 4 5 7 8 9 10 11 | 11.9
Fighting       | 3 4 5 6 7 8 9 10 11 12 | 12.1
Dodging        | 3 4 5 6 7 8 9 |  9.7
Staves         | 4 5 6 7 8 |  8.3
Invocations    | 3 5 7 8 9 |  9.5
Evocations     | 3 4 6 7 8 |  8.0
Maces & Flails | 1 3 5 7 8 |  8.0
Throwing       | |  1.7

Action                   |  1- 3 |  4- 6 |  7- 9 | 10-12 | 13-15 || total
-------------------------+-------+-------+-------+-------+-------++-------
Melee: Quarterstaff      |    78 |   130 |   419 |   419 |   619 ||  1665
       Flail             |       |       |       |   449 |       ||   449
Throw: Throwing net      |       |       |       |     1 |     3 ||     4
Invok: Heroism           |       |       |       |     3 |       ||     3
 Abil: Fly               |       |       |       |       |     1 ||     1
Evoke: Wand              |       |       |       |     3 |       ||     3
  Use: Scroll            |       |     7 |     6 |    16 |     4 ||    33
       Potion            |       |       |     2 |     7 |     2 ||    11
 Stab: Paralysed         |       |       |       |     9 |       ||     9
       Held in net/web   |       |       |       |     1 |     1 ||     2
       Invisible         |       |       |       |       |    14 ||    14
  Eat: Chunk             |     2 |    20 |    18 |    16 |    26 ||    82
       Ration            |       |       |     1 |       |       ||     1
Armor: Leather armour    |    39 |    68 |    49 |       |       ||   156
       Scale mail        |       |       |    83 |       |       ||    83
       Plate armour      |       |       |   112 |   817 |   476 ||  1405
Dodge: Dodged            |    46 |    76 |   211 |   568 |   432 ||  1333

Table legend:
 A = Non-vault XP
 B = Vault XP
 C = Vault XP percentage of total XP
 D = Non-vault monster count
 E = Vault monster count
 F = Vault count percentage of total count
                 A         B        C        D         E       F
            +---------+---------+-------+---------+---------+-------
      Total |   44234 |   27184 |  38.1 |     354 |     157 |  30.7
            +---------+---------+-------+---------+---------+-------
        D:1 |      39 |       0 |   0.0 |      21 |       0 |   0.0
        D:2 |      41 |      14 |  25.5 |      17 |       7 |  29.2
        D:3 |     218 |     316 |  59.2 |      24 |       8 |  25.0
        D:4 |     685 |     507 |  42.5 |      21 |       9 |  30.0
        D:5 |     700 |       0 |   0.0 |      29 |       0 |   0.0
        D:6 |     594 |     384 |  39.3 |      18 |       5 |  21.7
        D:7 |     699 |       0 |   0.0 |       7 |       0 |   0.0
        D:8 |    3771 |       0 |   0.0 |      38 |       0 |   0.0
        D:9 |    1861 |       0 |   0.0 |      18 |       0 |   0.0
       D:10 |    3166 |       0 |   0.0 |      31 |       0 |   0.0
       D:11 |    6237 |    1732 |  21.7 |      38 |       4 |   9.5
       D:12 |    6506 |    5985 |  47.9 |      33 |      13 |  28.3
       D:13 |    9262 |    2164 |  18.9 |      28 |      15 |  34.9
       D:14 |    4918 |    8257 |  62.7 |      17 |      18 |  51.4
       D:15 |    5537 |    1076 |  16.3 |      14 |       1 |   6.7
      Sewer |       0 |     404 | 100.0 |       0 |      23 | 100.0
      IceCv |       0 |    6345 | 100.0 |       0 |      54 | 100.0
            +---------+---------+-------+---------+---------+-------
